 Dungeon Crawl Stone Soup version 0.19.0-19-g8c6edcc (webtiles) character file.

60 Monsterracer the Cudgeler (level 3, -2/46 HPs)
             Began as a Minotaur Berserker on Nov 14, 2016.
             Was a Follower of Trog.
             Slain by a gnoll
             ... wielding a +0 flail
              (4 damage)
             ... on level 2 of the Dungeon.
             The game lasted 00:02:53 (1476 turns).

Monsterracer the Cudgeler (Minotaur Berserker)      Turns: 1476, Time: 00:02:54

Health: -2/46      AC:  3    Str: 26      XL:     3   Next: 80%
Magic:  2/2        EV:  7    Int:  2 (4)  God:    Trog [*.....]
Gold:   86         SH:  0    Dex:  7 (10) Spells: 0 memorised, 2 levels left

rFire  . . .     SeeInvis .     a - +1 mace
rCold  . . .     Gourm    .     b - +0 animal skin
rNeg   . . .     Faith    .     (no shield)
rPois  .         Spirit   .     (helmet restricted)
rElec  .         Reflect  .     (no cloak)
rCorr  .         Harm     .     (no gloves)
MR     .....                    g - +0 pair of boots
Stlth  ..........               (no amulet)
                                (no ring)
                                m - -5 ring of evasion (curse)

@: berserking, flying, very quick
A: retaliatory headbutt, horns 2
a: Berserk, Burn Spellbooks, Renounce Religion


You were on level 2 of the Dungeon.
You worshipped Trog.
Trog was aware of your devotion.
You were hungry.

You visited 1 branch of the dungeon, and saw 2 of its levels.

You collected 86 gold pieces.

Inventory:

Hand Weapons
 a - a +1 mace (weapon)
Armour
 b - a +0 animal skin (worn)
 g - a +0 pair of boots (worn)
Jewellery
 m - a cursed -5 ring of evasion (left hand)
Scrolls
 h - a scroll of identify
 i - a scroll of fog
Potions
 e - a potion of agility
 j - 2 potions of curing
Comestibles
 c - 2 bread rations
 f - a beef jerky
 k - a slice of pizza


   Skills:
 - Level 3.6 Fighting
 + Level 5.8 Maces & Flails
 - Level 2.4 Armour
 - Level 2.1 Dodging


You had 2 spell levels left.
You didn't know any spells.

Dungeon Overview and Level Annotations

Branches:
Dungeon (2/15)

Altars:


Innate Abilities, Weirdness & Mutations

You reflexively headbutt those who attack you in melee.
You have a pair of horns on your head.


Message History

A red film seems to cover your vision as you go berserk!
You feel yourself moving faster!
You feel mighty!
You are feeling hungry.
The gnoll completely misses you. The gnoll barely misses you.
You furiously retaliate!
You headbutt the gnoll! You barely miss the gnoll.
The gnoll is almost dead.
The gnoll hits you from afar with a halberd!
The gnoll hits you with a flail!
* * * LOW HITPOINT WARNING * * *
You are too injured to fight recklessly!
You are too injured to fight recklessly!
You are too injured to fight recklessly!
You thump the gnoll!
You kill the gnoll!
Trog accepts your kill.
You feel your strength returning.
You barely miss the gnoll. The gnoll barely misses you.
The gnoll hits you with a flail.
You die...

...###########.....#
......# ...#
#..(...#....# ....
.### #......####<#
#.. .# #...........#
.. ## #......####.+
#......# ### #####
#......##### #...##
#..........# .....#
#........@?# .....#
#.........g#
.###.#..........gg...
##
#.#.#......###.#....
#...######## .#....#
#.#.######### .# ...#
#...........# .# ..#
####...........# .#
### ##.............#


You could see 2 gnolls and a hobgoblin.

Vanquished Creatures
  2 gnolls (D:2)
  An adder (D:2)
  A dart slug (D:1)
  4 giant cockroaches (D:2)
  4 goblins
  5 hobgoblins
  A bat (D:1)
  A frilled lizard (D:1)
  5 kobolds
  7 rats
31 creatures vanquished.

Notes
Turn   | Place    | Note
-------+----------+-------------------------------------------
     0 | D:1      | Monsterracer the Minotaur Berserker began the quest for the Orb.
     0 | D:1      | Reached XP level 1. HP: 19/19 MP: 0/0
   124 | D:1      | Reached skill level 4 in Maces & Flails
   449 | D:1      | Reached XP level 2. HP: 26/26 MP: 1/1
  1121 | D:2      | Found a faded altar of an unknown god.
  1124 | D:2      | Reached skill level 5 in Maces & Flails
  1193 | D:2      | Reached XP level 3. HP: 28/31 MP: 2/2
  1474 | D:2      | HP: 2/46 [gnoll/flail (15)]
  1476 | D:2      | Slain by a gnoll

Skill      XL: |  1  2 |
---------------+-------+-----
Maces & Flails | 4 5 |  5.8
Fighting       | |  3.6
Armour         | |  2.4
Dodging        | |  2.1

Action                   || total
-------------------------++-------
Melee: Mace              ||    62
       Headbutt          ||     9
Invok: Berserk           ||     1
  Use: Potion            ||     5
       Scroll            ||     4
  Eat: Chunk             ||     2
Armor: Animal skin       ||    10
Dodge: Dodged            ||    37
